[Event "GrandPrix_29.05"]
[Site "Chess.com"]
[Date "2020.05.29"]
[Round "6"]
[White "klippfiskkjerringa"]
[Black "Frozygul"]
[Result "0-1"]
[WhiteElo "1990"]
[BlackElo "2156"]
[TimeControl "600+2"]
[EndTime "12:03:31 PDT"]
[Termination "Frozygul won by checkmate"]

1. Nf3 c5 2. e3 Nc6 3. d4 cxd4 4. exd4 d6 5. c4 g6 6. d5 Ne5 7. Nxe5 dxe5 8. Nc3 Bg7 9. c5 Nf6 10. Bb5+ Kf8 11. O-O h6 12. h3 Kg8 13. Be3 Kh7 14. b4 a5 15. bxa5 Qxa5 16. Qb3 Rd8 17. a4 e4 18. Bd4 Be6 19. dxe6 Rxd4 20. exf7 Nd7 21. Rad1 Nxc5 22. Qc2 Rxd1 23. Nxd1 Nxa4 24. Be8 Nc5 25. Ne3 Nd3 26. Rb1 Qe5 27. Nc4 Qf4 28. Qe2 Bd4 29. Ne3 Nxf2 30. Rf1 Kg7 31. Qxf2 Bxe3 32. f8=Q+ Qxf8 33.
Qxe3 Qxe8 34. Qd4+ e5 35. Qxe4 Rb8 36. Rb1 b5 37. Rc1 Qe7 38. Rc6 Qg5 39. Rc7+ Kh8 40. Rc6 b4 41. Rxg6 Qc1+ 42. Kh2 Qf4+ 43. Qxf4 exf4 44. Rxh6+ Kg7 45. Rd6 b3 46. Rd1 b2 47.
Rb1 Rb3 48. Kg1 Kf6 49. Kf2 Kg5 50. Ke2 Kh4 51. Kf2 Rb8 52. Kf3 Rb4 53. Kf2 Rb3 54. Ke2 Kg3 55. Kf1 Rb8 56. h4 Kxh4 57. Kf2 Kg4 58.
Ke2 Kg3 59. Kf1 Rb7 60. Kg1 Rc7 61. Rxb2 Rc1# 0-1

[Event "GrandPrix_29.05"]
[Site "Chess.com"]
[Date "2020.05.29"]
[Round "6"]
[White "PavelShkapenko"]
[Black "Valeriy_Neverov"]
[Result "1-0"]
[WhiteElo "2464"]
[BlackElo "2377"]
[TimeControl "600+2"]
[EndTime "12:03:34 PDT"]
[Termination "PavelShkapenko won on time"]

1. e4 c5 2. c3 Nf6 3. e5 Nd5 4.
d4 cxd4 5. cxd4 e6 6. Nc3 Nxc3 7. bxc3 d6 8. f4 Qc7 9. Bd2 b6 10. Bd3 Bb7 11. Nf3 Nd7 12. O-O Be7 13. Qe2 O-O 14.
c4 Rfe8 15. Qf2 Nf8 16. Qg3 Rad8 17. Be3 Ng6 18. Rad1 dxe5 19. fxe5 f5 20. Ng5 Bxg5 21. Qxg5 Be4 22. Be2 Qe7 23. Qg3 Qa3 24. Rd2 Rd7 25.
Bd1 a5 26. Bh5 Red8 27. Bxg6 hxg6 28. Bf2 Qxg3 29. hxg3 Rc8 30. Rb2 Rxc4 31. Rxb6 Bd5 32. Rfb1 g5 33. R6b5 a4 34. a3 Rdc7 35. Rc5 R7xc5 36.
dxc5 g4 37. Rb4 Rc1+ 38. Kh2 Rc2 39. Kg1 g5 40. Rxa4 Kf7 41. Rb4 Kg6 42. Kf1 Bc4+ 43. Kg1 f4 44. c6 Bd5 45. c7 f3 46. gxf3 gxf3 47. Rb1 Rxc7 48. a4 Rc2 49. Ra1 Kf5 50.
a5 Kxe5 51. a6 Kf5 52. a7 Ba8 53. Rb1 e5 54. Rb8 Rc1+ 55. Kh2 1-0

[Event "GrandPrix_29.05"]
[Site "Chess.com"]
[Date "2020.05.29"]
[Round "6"]
[White "Glek_Igor"]
[Black "Gareth-Bale11"]
[Result "0-1"]
[WhiteElo "2482"]
[BlackElo "2425"]
[TimeControl "600+2"]
[EndTime "12:03:36 PDT"]
[Termination "Gareth-Bale11 won on time"]

1. e4 e5 2. Nf3 Nc6 3. Nc3 Nf6 4. g3 d5 5. exd5 Nxd5 6. Bg2 Nxc3 7. bxc3 Bc5 8. O-O O-O 9. d3 Re8 10. Ng5 h6 11.
Ne4 Bb6 12. a4 Be6 13. Be3 f5 14. Nd2 Qd7 15. Nc4 Bxc4 16. dxc4 Qxd1 17. Raxd1 e4 18.
Rd5 Re5 19. Bf4 Rxd5 20. cxd5 Na5 21. g4 Rf8 22. Bc1 fxg4 23. Bxe4 Nc4 24. Kg2 Nd6 25.
Bd3 Bc5 26. Kg3 Rf3+ 27. Kxg4 Rxf2 28. Rxf2 Bxf2 29. h4 Kf7 30. h5 Kf6 31. a5 Nf7 32. Kf3 Be1 33. Bb2 Ne5+ 34. Ke4 Nxd3 35. cxd3 Kg5 36.
a6 b5 37. c4 b4 38. c5 b3 39. Bxg7 Kxh5 40. Kf5 Kh4 41. Bf6+ Kg3 42. Kg6 Kf4 43. Kxh6 Ke3 44. d6 cxd6 45. cxd6 Kxd3 46. d7 Ba5 47.
Kg6 Kc4 48. Kf7 Kb5 49. Ke8 Kxa6 50. d8=Q Bxd8 51. Kxd8 Kb5 52. Kc7 a5 53. Kd6 a4 54.
Kd5 a3 0-1

[Event "GrandPrix_29.05"]
[Site "Chess.com"]
[Date "2020.05.29"]
[Round "6"]
[White "crazyboy26"]
[Black "IriBu"]
[Result "1/2-1/2"]
[WhiteElo "2344"]
[BlackElo "2254"]
[TimeControl "600+2"]
[EndTime "12:03:38 PDT"]
[Termination "Game drawn by repetition"]

1. e4 Nf6 2. e5 Nd5 3. d4 d6 4.
Nf3 Bg4 5. Be2 c6 6. Ng5 Bxe2 7. Qxe2 dxe5 8. dxe5 e6 9. O-O Be7 10. Nf3 Bc5 11. c4 Ne7 12. Nc3 Ng6 13. Ne4 Be7 14.
Rd1 Qc7 15. Nd6+ Bxd6 16. exd6 Qd7 17. h4 h5 18. b4 a5 19. b5 f6 20. Qe4 Kf7 21.
Rb1 Re8 22. Be3 Nf8 23. a4 e5 24. c5 Ra7 25. Nd2 f5 26. Qf3 Kg8 27. Bg5 Qf7 28.
Rdc1 Nfd7 29. Be7 e4 30. Qf4 Nf8 31. Bxf8 Rxf8 32. Nc4 Nd7 33. Ne5 Nxe5 34. Qxe5 Re8 35. Qf4 Qe6 36. Rc3 Qd5 37. Rg3 Rf8 38. Qg5 Qf7 39. Qf4 Raa8 40. bxc6 bxc6 41. Rg5 Rad8 42. Rb6 Rd7 43. Rxc6 Qd5 44. Rc7 Rxc7 45. dxc7 Qxc5 46. Rxh5 Rf7 47. Qg5 Qxc7 48. Qg6 Qc1+ 49. Kh2 Qf4+ 50. Kh3 Qxf2 51. Qh7+ Kf8 52. Rg5 e3 53. Qh8+ Ke7 54. Qb8 e2 55. Qc7+ Ke8 56. Qc8+ Ke7 57. Qc7+ Ke8 58.
Qc8+ Ke7 59. Qc7+ 1/2-1/2

[Event "GrandPrix_29.05"]
[Site "Chess.com"]
[Date "2020.05.29"]
[Round "6"]
[White "Pultis"]
[Black "Eltaj_Safarli"]
[Result "0-1"]
[WhiteElo "2237"]
[BlackElo "2445"]
[TimeControl "600+2"]
[EndTime "12:03:40 PDT"]
[Termination "Eltaj_Safarli won on time"]

1. d4 Nf6 2. Nf3 g6 3. c4 Bg7 4. g3 d5 5. cxd5 Nxd5 6. e4 Nb6 7. Bg2 Bg4 8. Nbd2 Nc6 9. d5 Ne5 10. Qb3 Nxf3+ 11. Nxf3 e6 12. h3 Bxf3 13. Bxf3 exd5 14.
exd5 O-O 15. O-O Qd7 16. Kg2 a5 17. a4 Rfb8 18. Bf4 Nc8 19. Bg4 Qd8 20. Rac1 Nd6 21. Rc5 h5 22. Bf3 Bd4 23. Rc2 Qd7 24. Rfc1 Bb6 25.
g4 hxg4 26. hxg4 Re8 27. Rh1 Bd4 28. Qd3 Bg7 29. b3 Qe7 30. Rhc1 Rac8 31. Bd2 b6 32.
Rc6 Be5 33. Re1 Qh4 34. Rh1 Qf6 35. Qe3 Qg7 36. Qd3 Re7 37. g5 Rce8 38. Bg4 Bd4 39. Bf4 Re4 40. Qf3 f5 41. gxf6 Qxf6 42. Bg3 Qxf3+ 43.
Bxf3 R4e7 44. Rhc1 Bc5 45. Bg4 Kg7 46. Be6 Kf6 47. f4 g5 48. fxg5+ Kxg5 49. R1xc5 bxc5 50. Rxc5 Rb8 51. Rxa5 Rxb3 52. Ra8 Rg7 53. Kh2 Rb2+ 54. Kg1 Kf6 55. Rf8+ Ke7 56. Rf3 Ne4 0-1

[Event "GrandPrix_29.05"]
[Site "Chess.com"]
[Date "2020.05.29"]
[Round "6"]
[White "TheEternalPatzer"]
[Black "MirMan90"]
[Result "0-1"]
[WhiteElo "2067"]
[BlackElo "2291"]
[TimeControl "600+2"]
[EndTime "12:03:40 PDT"]
[Termination "MirMan90 won on time"]

1. c4 e5 2. Nc3 Nc6 3. g3 g6 4.
Bg2 Bg7 5. e4 d6 6. Nge2 f5 7. d3 Nf6 8. O-O O-O 9. Nd5 fxe4 10. dxe4 Bg4 11. f3 Be6 12. Be3 a5 13. Qd2 Nd7 14. Bg5 Qb8 15. Nec3 Nd4 16. Nb5 Bxd5 17. exd5 c6 18. Nxd4 exd4 19. f4 Qc7 20. Rae1 Rfe8 21.
Bh3 Nc5 22. Be6+ Kh8 23. f5 gxf5 24. Rxf5 Rf8 25. Ref1 Rxf5 26. Rxf5 Ne4 27. Qf4 Nxg5 28. Qxg5 Qb6 29. Qd2 cxd5 30. cxd5 d3+ 31. Kg2 Qxb2 32. Rf2 Qd4 33. Rf4 Qc3 34. Rf2 b5 35. Bf5 b4 36.
Qxd3 Qxd3 37. Bxd3 a4 38. Bc2 Bd4 39. Rd2 Be5 40. h4 Kg7 41. Rd3 b3 42. Bb1 b2 43.
Kf3 Rc8 44. Ke2 Rc1 45. Rd1 Bxg3 46. h5 h6 47. Bg6 Kf6 48. a3 Ke5 49. Bd3 Kxd5 50.
Bc2+ Kc5 51. Be4 Bf4 52. Rd5+ Kc4 53. Rd1 Kb3 54. Bd5+ Kxa3 55. Be4 Ka2 56. Bd5+ Ka1 0-1

[Event "GrandPrix_29.05"]
[Site "Chess.com"]
[Date "2020.05.29"]
[Round "6"]
[White "esskeettit"]
[Black "troisi"]
[Result "1/2-1/2"]
[WhiteElo "2079"]
[BlackElo "1580"]
[TimeControl "600+2"]
[EndTime "12:03:40 PDT"]
[Termination "Game drawn - insufficient material"]

1. d4 Nf6 2. c4 e6 3. Nc3 Bb4 4. e3 O-O 5. Bd3 c5 6. Ne2 b6 7. a3 Ba5 8. O-O Bxc3 9. Nxc3 Bb7 10. b4 d5 11. bxc5 bxc5 12. cxd5 cxd4 13. exd4 Nxd5 14. Ne4 Nc6 15. Be3 Rb8 16. Qh5 f5 17. Ng5 Nf6 18.
Qh4 Re8 19. Bc4 Qd7 20. Rfd1 Na5 21. Bf1 h6 22. Nh3 Qf7 23. Qg3 Nc6 24. Rab1 Ne4 25. Qf3 Nc3 26. Rxb7 Qxb7 27. Rc1 Nd5 28. Nf4 Nxf4 29.
Bxf4 Rbc8 30. g3 Qd7 31. Rd1 Nxd4 32. Qe3 e5 33. Bxe5 Rxe5 34. Rxd4 Rxe3 35. Rxd7 Rxa3 36. Kg2 Ra2 37. Rd4 Rcc2 38. Bc4+ Kh7 39. Bxa2 Rxa2 40.
h4 Kg6 41. Kf3 a5 42. Rd6+ Kf7 43. Ra6 a4 44. Ra7+ Kf6 45. Ra6+ Ke5 46. Ra5+ Kf6 47.
Ra6+ Kf7 48. Ra7+ Kg6 49. Ra6+ Kh5 50. Ra5 g6 51. Ra8 a3 52. Ra5 Ra1 53. Kf4 a2 54. f3 g5+ 55. hxg5 hxg5+ 56. Kxf5 Rf1 57. g4+ Kh4 58. Rxa2 Rxf3+ 59. Kg6 Rg3 60. Kf5 Rf3+ 61. Kg6 Rf4 62. Rh2+ Kg3 63. Rh5 Rxg4 64. Rxg5 Rxg5+ 65.
Kxg5 1/2-1/2

[Event "GrandPrix_29.05"]
[Site "Chess.com"]
[Date "2020.05.29"]
[Round "6"]
[White "MikaelyanArman1996"]
[Black "MasterSonnevanck2"]
[Result "1-0"]
[WhiteElo "2276"]
[BlackElo "2057"]
[TimeControl "600+2"]
[EndTime "12:03:41 PDT"]
[Termination "MikaelyanArman1996 won by resignation"]

1. d4 Nf6 2. c4 e6 3. Nf3 c5 4. d5 exd5 5. cxd5 d6 6. Nc3 g6 7. h3 b5 8. Nxb5 Bg7 9. Nc3 O-O 10. g3 Bf5 11. Bg2 Ne4 12. Bd2 Nxc3 13. Bxc3 Bxc3+ 14. bxc3 Qa5 15. Qd2 Nd7 16. O-O Nf6 17. c4 Qxd2 18. Nxd2 Rfe8 19. Rfe1 Rab8 20. Nb3 Rb4 21. Rac1 Bc8 22. e4 Nd7 23. f4 Ra4 24.
Rc2 f6 25. Bf1 Ba6 26. Nd2 Ra3 27. Kf2 Rb8 28. Re3 Ra4 29. Rb3 Rxb3 30. axb3 Ra1 31.
h4 Bc8 32. Bh3 f5 33. g4 Nf6 34. gxf5 Nh5 35. Kf3 Rg1 36. Nf1 gxf5 37. e5 dxe5 38.
fxe5 f4 39. e6 Kf8 40. Kf2 Rg8 41. d6 Bb7 42. Re2 Nf6 43. Nd2 Ke8 44. e7 Bc6 45. Re5 Bd7 46. Bf5 Ng4+ 47. Bxg4 Rxg4 48. Ne4 Rg6 49.
h5 Rh6 50. Rg5 Be6 51. Nxc5 Bf7 52. Ne4 Re6 53. Kf3 h6 54. Rb5 Kd7 55. Rb7+ Kc6 56. Rc7+ Kb6 57. c5+ Ka6 58. Kxf4 Bxh5 59. Nc3 Bg6 60. b4 Rf6+ 61. Ke5 Rf5+ 62. Ke6 1-0

[Event "GrandPrix_29.05"]
[Site "Chess.com"]
[Date "2020.05.29"]
[Round "6"]
[White "0plaksin0"]
[Black "A_N_D-R_E_I"]
[Result "0-1"]
[WhiteElo "2153"]
[BlackElo "2098"]
[TimeControl "600+2"]
[EndTime "12:03:42 PDT"]
[Termination "A_N_D-R_E_I won by resignation"]

1. e4 c5 2. Nf3 Nc6 3. d4 cxd4 4.
Nxd4 Nf6 5. Nc3 e5 6. Ndb5 d6 7. Bg5 a6 8. Na3 b5 9. Nd5 Be7 10. Bxf6 Bxf6 11. h4 O-O 12. c3 g6 13. g3 Be6 14.
Bg2 Bg7 15. O-O Ne7 16. Nxe7+ Qxe7 17. Nc2 Bh6 18. Nb4 a5 19. Nd5 Qb7 20. a4 bxa4 21.
Rxa4 Qxb2 22. Ne7+ Kh8 23. Qxd6 Qxc3 24. Nd5 Qb2 25. Rfa1 Rfd8 26. Qc7 Rdc8 27. Qb6 Rc1+ 28. Rxc1 Qxc1+ 29. Kh2 Rc8 30. Rxa5 Bf8 31. Qb7 Qd2 32.
Ra8 Rxa8 33. Qxa8 Kg7 34. Qb8 Qd4 35. Nc7 Bd7 36. Qd8 Bc5 37. h5 Bc6 38. h6+ Kxh6 39. Qh4+ Kg7 40. Nd5 Bxd5 41. exd5 Qxf2 42. Qe4 Qg1+ 43.
Kh3 Qd4 44. Qc2 h5 45. Qa2 f5 46. Qb3 Kh6 47. Qc2 Qg4+ 48. Kh2 Bd4 49. Qc1+ Qg5 50. Qc8 Qf6 51. Qd7 h4 52. d6 hxg3+ 53. Kxg3 Qg5+ 54. Kh3 Qe3+ 55. Kh2 Qf4+ 56. Kh1 Qh4+ 0-1

[Event "GrandPrix_29.05"]
[Site "Chess.com"]
[Date "2020.05.29"]
[Round "6"]
[White "BlackBoarder"]
[Black "MaxVavulin"]
[Result "1-0"]
[WhiteElo "2135"]
[BlackElo "1972"]
[TimeControl "600+2"]
[EndTime "12:03:43 PDT"]
[Termination "BlackBoarder won by resignation"]

1. e4 e5 2. Nf3 Nc6 3. d4 exd4 4. Bc4 Nf6 5. O-O Nxe4 6. Re1 d5 7. Bxd5 Qxd5 8. Nc3 Qa5 9. Nxe4 Be6 10. Neg5 O-O-O 11. Nxe6 fxe6 12. Rxe6 Bd6 13. Bg5 Rdf8 14. Qe2 a6 15. Bd2 Qf5 16. Re4 Qf6 17. Re1 h6 18.
h3 Rd8 19. Qd3 Rhf8 20. a3 Qf7 21. b4 Kb8 22. b5 axb5 23. Qxb5 Qf5 24. Qb3 Qc5 25.
a4 Na5 26. Bxa5 Qxa5 27. Nxd4 Qc5 28. Rb1 b6 29. Qe3 Bf4 30. Qd3 Be5 31. Rb5 Rxd4 32. Rxc5 Rxd3 33. cxd3 bxc5 34. Rxe5 Rf4 35. Rxc5 Rxa4 36.
Kf1 Kc8 37. Rf5 Ra6 38. Rf7 Rg6 39. g4 Kb7 40. Ke2 Kc6 41. f4 Re6+ 42. Kf3 Rd6 43. Ke4 Re6+ 44. Kf5 Re3 45. h4 Rxd3 46. Rxg7 Kd6 47.
Rg6+ Ke7 48. Rxh6 c5 49. Rc6 Rc3 50. h5 Kd7 51. Ra6 c4 52. h6 Rh3 53. g5 c3 54.
Ra4 Kc6 55. Rc4+ Kd5 56. Rc8 Kd4 57. Kg6 Kd3 58. h7 c2 59. f5 Kd2 60. Rxc2+ Kxc2 61. f6 Kd3 62. f7 1-0

[Event "GrandPrix_29.05"]
[Site "Chess.com"]
[Date "2020.05.29"]
[Round "6"]
[White "Salnaa"]
[Black "Iljin_Timofey"]
[Result "1-0"]
[WhiteElo "2192"]
[BlackElo "2269"]
[TimeControl "600+2"]
[EndTime "12:03:44 PDT"]
[Termination "Salnaa won on time"]

1. d4 d5 2. c4 e6 3. Nc3 Bb4 4. cxd5 exd5 5. Nf3 Nf6 6. Bg5 h6 7. Bxf6 Qxf6 8. e3 O-O 9. Qb3 Qb6 10. Bd3 c6 11.
O-O Be6 12. Na4 Qa5 13. a3 Bd6 14. Nc5 Bxc5 15. dxc5 Nd7 16. Qxb7 Nxc5 17. b4 Nxb7 18. bxa5 Nxa5 19. Rac1 Rfc8 20. Rc5 Nb3 21. Rc3 Rab8 22.
Ba6 Rc7 23. Rb1 Rb6 24. Rbxb3 Rxa6 25. Rc5 Rb6 26. Nd4 Rxb3 27. Nxb3 Rb7 28. Nc1 Bd7 29. h3 Kf8 30. Ne2 Ke7 31. Nd4 Kd6 32. Ra5 c5 33. Ne2 Rb1+ 34. Kh2 Rb2 35. Nc3 Bc6 36. Ra6 d4 37.
exd4 cxd4 38. Ne4+ Kd5 39. f3 f5 40. Ra5+ Bb5 41.
Ng3 Kc6 42. Rxa7 d3 43. Nxf5 d2 44. Ne3 Rb3 45. Nd1 Be2 46. Nf2 Rb1 47. Ra8 d1=Q 48. Nxd1 Bxd1 49. Ra7 Rb7 50. Rxb7 Kxb7 51. Kg3 Kc6 52. Kf4 Kd5 53. h4 Bc2 54. g4 Kd4 55. h5 Kd5 56. g5 Ke6 57. gxh6 1-0

[Event "GrandPrix_29.05"]
[Site "Chess.com"]
[Date "2020.05.29"]
[Round "6"]
[White "Meri-Arabidze"]
[Black "Natalya_Buksa"]
[Result "0-1"]
[WhiteElo "1952"]
[BlackElo "2112"]
[TimeControl "600+2"]
[EndTime "12:03:46 PDT"]
[Termination "Natalya_Buksa won on time"]

1. d4 d5 2. c4 e6 3. Nf3 Nf6 4. Nc3 Nbd7 5. Bg5 Be7 6. e3 h6 7. Bh4 O-O 8. Rc1 c5 9. cxd5 Nxd5 10. Bxe7 Nxe7 11. Bd3 b6 12. Be4 Rb8 13. O-O Bb7 14.
Bxb7 Rxb7 15. Nb5 Nf6 16. Qe2 cxd4 17. Rfd1 Rd7 18. Nbxd4 Qb8 19. h3 Rfd8 20. Nb5 Rxd1+ 21. Rxd1 a6 22. Nc3 b5 23. a3 Ned5 24. Nxd5 Rxd5 25. Rxd5 Nxd5 26. Qc2 Qc7 27. Qxc7 Nxc7 28. Kf1 Kf8 29.
Ke2 Ke7 30. Ne5 f6 31. Nd3 Kd6 32. Kd2 a5 33. Nf4 Kc5 34. Nh5 Ne8 35. Kc3 e5 36.
e4 g6 37. b4+ Kb6 38. Ng3 Nd6 39. bxa5+ Kxa5 40. Kb3 Nc4 41. Ka2 b4 42. axb4+ Kxb4 43. Ne2 h5 44. h4 Nd2 45. f3 Nc4 46. Kb1 Ne3 47. g3 Kc4 48. Kb2 Kd3 49. Nc1+ Kd2 50. Nb3+ Ke2 51. f4 Kf3 52. fxe5 fxe5 53. Nc5 Kxg3 54.
Nd7 Ng4 55. Nf8 Kxh4 56. Nxg6+ Kg3 57. Ne7 Kf4 58. Kc3 Kxe4 59. Kd2 Kf3 60. Nf5 e4 61. Nh4+ Kf2 62. Nf5 e3+ 0-1

[Event "GrandPrix_29.05"]
[Site "Chess.com"]
[Date "2020.05.29"]
[Round "6"]
[White "Murad_Ibrahimli"]
[Black "OparinGrigoriy"]
[Result "1/2-1/2"]
[WhiteElo "2622"]
[BlackElo "2530"]
[TimeControl "600+2"]
[EndTime "12:03:49 PDT"]
[Termination "Game drawn - insufficient material"]

1. d4 Nf6 2. c4 e6 3. Nf3 Bb4+ 4. Bd2 a5 5. Qc2 d5 6. g3 O-O 7.
Bg2 c6 8. O-O Nbd7 9. Bf4 Nh5 10. Bc1 a4 11. Nc3 a3 12. bxa3 Bxa3 13. Qb3 Qa5 14. e4 dxc4 15. Qxc4 b5 16. Qxc6 Ra6 17. Qxb5 Qxc3 18. Bd2 Qc6 19. Qxh5 Qxe4 20. Ng5 Qg6 21. Qxg6 hxg6 22. Rfb1 Nf6 23. Ne4 Nxe4 24. Bxe4 Bd7 25.
Rb3 Bd6 26. d5 Re8 27. Bc3 Rc8 28. Bb2 Ra4 29. Bf3 Rc2 30. a3 Rd2 31. Rd1 Rxd1+ 32. Bxd1 Ra5 33. dxe6 Bxe6 34. Rd3 Bc5 35. a4 Ra8 36. Kg2 Bf5 37. Rd2 Be4+ 38. f3 Bc6 39. Bc3 Bxa4 40. Ra2 Bc6 41. Rxa8+ Bxa8 42. h4 Bd5 43. g4 f5 44. gxf5 gxf5 45. Be5 Kf7 46. Kg3 g6 47. f4 Ke6 48. h5 gxh5 49. Bxh5 Bb4 50. Bf3 Be1+ 51. Kg2 Be4 52. Kf1 Bd2 53. Be2 Kd5 54. Ba6 Bb4 55. Ke2 Ke6 56. Bc8+ Kf7 57.
Bd7 Bc5 58. Bc3 Ke7 59. Bc8 Bd6 60. Be5 Bxe5 61. fxe5 f4 62. Kf2 Bd5 63. Bg4 Be6 64.
Be2 Bd5 65. Bg4 Kf7 66. Bf5 Kf8 67. Bg4 Ke7 68. Bf5 Be6 69. Kf3 Bxf5 70. Kxf4 Ke6 71. Kg5 Kxe5 1/2-1/2

[Event "GrandPrix_29.05"]
[Site "Chess.com"]
[Date "2020.05.29"]
[Round "6"]
[White "szachuspl"]
[Black "Nikame"]
[Result "1-0"]
[WhiteElo "2382"]
[BlackElo "2361"]
[TimeControl "600+2"]
[EndTime "12:03:50 PDT"]
[Termination "szachuspl won by resignation"]

1. d4 d6 2. c4 e5 3. Nf3 Nd7 4. Nc3 g6 5. e4 Bg7 6. Be2 Nh6 7.
O-O O-O 8. Re1 f6 9. dxe5 fxe5 10. Ng5 Nf6 11. h3 Nf7 12. Nxf7 Rxf7 13. Bg5 h6 14. Be3 Be6 15. Qd2 Kh7 16. Rad1 Qf8 17. b4 a5 18. b5 b6 19. Qc2 Nh5 20. Bxh5 gxh5 21. Qe2 h4 22. Nd5 Bf6 23. Qh5 Qg7 24. Kh2 Rg8 25.
Rg1 Qf8 26. Nxf6+ Rxf6 27. Qxh4 Rfg6 28. Rc1 Qf7 29. f4 exf4 30. Qxf4 Qg7 31. g4 Rf8 32.
Qg3 Qe7 33. e5 dxe5 34. c5 Rgf6 35. Qxe5 Qf7 36. Rg2 Bd5 37. Rd2 Re8 38. Qxd5 Qxd5 39.
Rxd5 Rxe3 40. cxb6 cxb6 41. Rc7+ Kg6 42. Rc6 Rxc6 43.
bxc6 Rc3 44. Rd6+ Kg5 45. a4 Rc4 46. c7 Rxc7 47. Rxb6 Rc2+ 48. Kg3 Rc3+ 49. Kg2 Rc2+ 50. Kg1 Ra2 51. Rb5+ Kh4 52. Rh5+ Kg3 53. Kf1 Rxa4 54.
Rxh6 Ra2 55. Ke1 a4 56. Kd1 a3 57. Kc1 Rg2 58. Kb1 a2+ 59. Ka1 Kf4 60. Rh5 Rh2 61. g5 Rg2 62. h4 Ke3 63. Rh6 Kd3 64. Ra6 Rh2 65. Rxa2 Rh1+ 66. Kb2 Rxh4 67. Ra3+ Ke4 68.
Ra4+ Kf5 69. Rxh4 Kxg5 70. Re4 1-0

[Event "GrandPrix_29.05"]
[Site "Chess.com"]
[Date "2020.05.29"]
[Round "6"]
[White "Karateloru"]
[Black "TheJoker64"]
[Result "0-1"]
[WhiteElo "2240"]
[BlackElo "2457"]
[TimeControl "600+2"]
[EndTime "12:03:51 PDT"]
[Termination "TheJoker64 won by resignation"]

1. e4 c5 2. Nf3 Nc6 3. d4 cxd4 4. Nxd4 Qb6 5. Nb3 Nf6 6. Nc3 e6 7. Be3 Qc7 8. a3 a6 9. f4 d6 10. Bd3 b5 11. O-O Be7 12. Qe2 Bb7 13. Rae1 b4 14. axb4 Nxb4 15. Ra1 Rb8 16. Ra4 Bc6 17. Raa1 O-O 18.
Nd4 Bd7 19. Kh1 Nxd3 20. cxd3 Qb7 21. Ra2 Rfc8 22. f5 e5 23. Nf3 h6 24. Bf2 Bc6 25.
Bh4 Ra8 26. Nd2 d5 27. exd5 Bxd5 28. Raa1 Qxb2 29. Bxf6 Rxc3 30. Bxe5 Bf6 31. Rab1 Qc2 32. Bxc3 Bxc3 33. Rfd1 Bb2 34. Qe3 Ba2 35. h3 Bxb1 36. Rxb1 Bc3 37. Qe4 Rf8 38. f6 Bxd2 39. Rf1 g6 40. Rf2 Qc1+ 41. Kh2 a5 42. Qa4 Qc7+ 43.
g3 Bb4 44. Re2 Qd6 45. Qa1 Qc6 46. Qd1 Qxf6 47. Re4 Qd6 48. Qe2 a4 49. Kg2 a3 50.
Qa2 Bc5 51. Qc4 Rb8 52. Rf4 Qe7 53. h4 Rb2+ 54. Kh3 a2 55. Rf1 Qd7+ 56. g4 Bd6 57. Qd4 0-1

[Event "GrandPrix_29.05"]
[Site "Chess.com"]
[Date "2020.05.29"]
[Round "6"]
[White "elohunter1999"]
[Black "Firegrizzly"]
[Result "1/2-1/2"]
[WhiteElo "2207"]
[BlackElo "2328"]
[TimeControl "600+2"]
[EndTime "12:03:55 PDT"]
[Termination "Game drawn - insufficient material"]

1. e4 c5 2. Nf3 d6 3. d4 cxd4 4. Nxd4 Nf6 5. Nc3 Nc6 6. Bg5 e6 7. Qd2 a6 8. O-O-O Bd7 9. f4 b5 10. Bxf6 gxf6 11. Kb1 h5 12. f5 Qb6 13. Nxc6 Bxc6 14. fxe6 fxe6 15. Bd3 Qc5 16. Ne2 Qe5 17. Rhf1 Bh6 18. Qa5 O-O 19. Qb6 Rfc8 20. Nd4 Be8 21. c3 b4 22. Nf3 Qc5 23. Qxc5 dxc5 24. Bc4 Rc6 25. e5 f5 26. Rd6 bxc3 27. Bxe6+ Kh8 28. bxc3 Rb8+ 29. Kc2 Bf8 30. Rxc6 Bxc6 31. Nd2 Be8 32.
Nc4 Ba4+ 33. Kd3 Rd8+ 34. Ke2 Bg7 35. Rxf5 Bd1+ 36. Ke3 Bg4 37. Nd6 Rb8 38. Ke4 Rb2 39.
h3 Bxf5+ 40. Bxf5 Re2+ 41. Kf3 Rxa2 42. e6 Bf6 43. Nc8 Ra3 44. e7 Rxc3+ 45. Ke2 Bxe7 46. Nxe7 a5 47. Nd5 Rg3 48. Kf2 Rb3 49. Ke2 a4 50.
Bc2 Rb2 51. Kd1 a3 52. Kc1 h4 53. Ne3 Rb4 54. Bb1 Rb3 55. Nc2 Rd3 56. Ba2 Rg3 57.
Bd5 Kg7 58. Bf3 a2 59. Kb2 Kf6 60. Kxa2 Ke5 61. Kb3 Kf4 62. Kc4 Rxf3 63. gxf3 Kxf3 64. Kxc5 Kg3 65. Ne3 Kxh3 66. Nf5 Kg4 67. Nxh4 1/2-1/2

[Event "GrandPrix_29.05"]
[Site "Chess.com"]
[Date "2020.05.29"]
[Round "6"]
[White "Logman74"]
[Black "econpower"]
[Result "0-1"]
[WhiteElo "2142"]
[BlackElo "2199"]
[TimeControl "600+2"]
[EndTime "12:04:00 PDT"]
[Termination "econpower won on time"]

1. e4 d6 2. d4 Nf6 3. Nc3 e5 4. Nf3 Nbd7 5. Bc4 Be7 6. O-O O-O 7. Re1 c6 8. a4 exd4 9. Nxd4 Ne5 10. Ba2 Qa5 11. h3 Qb4 12. Rb1 Re8 13. Bg5 h6 14. Bh4 Bd7 15. Bg3 Bf8 16. f4 Nc4 17. e5 Nxb2 18. Qd2 Nd5 19. Nde2 dxe5 20. fxe5 Bc5+ 21. Bf2 Rxe5 22. Bxc5 Qxc5+ 23. Kh1 Nc4 24. Qd3 Nd6 25.
Nxd5 cxd5 26. Rf1 Bf5 27. Qd4 Qxd4 28. Nxd4 Be4 29. Kh2 Rc8 30. Rf2 Re7 31. Bb3 Kh7 32.
Re1 Rce8 33. Re3 f5 34. Rc3 g5 35. Rc5 Re5 36. a5 a6 37. Rc7+ R8e7 38. Rc5 Kg6 39. Re2 h5 40. c3 Kf6 41. Re1 f4 42. Re2 g4 43. h4 g3+ 44. Kg1 Bd3 45. Rxe5 Rxe5 46.
Nf3 Rf5 47. Rxd5 Rxd5 48. Bxd5 Bc4 49. Bxc4 Nxc4 50. Kf1 Nxa5 51. Ke2 Nc4 52. Nd4 Ne5 53. Nb3 b6 54. Nd4 a5 55. Nb5 Kf5 56. Nd6+ Kg4 57. Ne4 Kxh4 58. Nf6 a4 59. Nd5 a3 60. Nb4 Kg4 61. Na2 h4 62. Nc1 h3 63.
gxh3+ Kxh3 64. Kf1 f3 65. Kg1 f2+ 66. Kf1 Nc4 67.
Ke2 Kg2 0-1

[Event "GrandPrix_29.05"]
[Site "Chess.com"]
[Date "2020.05.29"]
[Round "6"]
[White "Alexander_Moskalenko"]
[Black "nikosgal"]
[Result "0-1"]
[WhiteElo "2331"]
[BlackElo "2553"]
[TimeControl "600+2"]
[EndTime "12:04:09 PDT"]
[Termination "nikosgal won on time"]

1. d4 Nf6 2. Bf4 e6 3. e3 c5 4. Nd2 Be7 5. Ngf3 O-O 6. c3 cxd4 7. exd4 b6 8. Bd3 Bb7 9. Qe2 d6 10. h4 Nbd7 11. h5 Re8 12. O-O-O Bf8 13. Bc2 Qc7 14.
g4 e5 15. Be3 exd4 16. Nxd4 Bxh1 17. Rxh1 Ne5 18. f3 Nd5 19. Ne4 Nxe3 20. Qxe3 d5 21. Ng5 h6 22. Nh7 Nxg4 23. Qd2 Ne3 24. Rg1 Kh8 25.
Nxf8 Nxc2 26. Kxc2 Rxf8 27. Nf5 Qe5 28. Nxh6 Rae8 29.
Ng4 Qe2 30. h6 g6 31. f4 Qxd2+ 32. Kxd2 Re4 33. f5 gxf5 34. Nf6 Re6 35. Nxd5 Rd8 36. c4 Rxh6 37. Kc3 Rh3+ 38. Kd4 Rg8 39. Rf1 Rg4+ 40. Nf4 f6 41. b4 Kg7 42. Kd5 Kf7 43. c5 Rc3 44. a4 bxc5 45. bxc5 Rg8 46. Ne6 Re8 47. Nc7 Re5+ 48. Kd6 Rexc5 49. Nd5 Rc6+ 50. Kd7 Rc1 51.
Rxf5 Re6 52. a5 Rd1 53. Kc7 Re5 54. Rxf6+ Kg7 55. Nc3 Kxf6 56. Nxd1 Rxa5 57. Kc6 Ke5 58. Ne3 Kd4 59. Nc2+ Kc3 60. Ne3 Ra1 61. Kc5 a5 62. Nd5+ Kb3 63. Ne3 a4 64. Nc2 Kxc2 0-1

[Event "GrandPrix_29.05"]
[Site "Chess.com"]
[Date "2020.05.29"]
[Round "6"]
[White "switlave"]
[Black "chessdjw"]
[Result "1/2-1/2"]
[WhiteElo "2035"]
[BlackElo "2110"]
[TimeControl "600+2"]
[EndTime "12:04:10 PDT"]
[Termination "Game drawn by agreement"]

1. d4 Nf6 2. Bf4 d5 3. e3 c5 4. c3 Nc6 5. Nd2 Bf5 6. Qb3 Qc8 7. dxc5 e6 8. Qa3 e5 9. Bg3 a5 10. Ngf3 Nd7 11. Bb5 f6 12. Nh4 Bc2 13. b4 axb4 14.
Qb2 bxc3 15. Qxc2 cxd2+ 16. Qxd2 Bxc5 17. Qxd5 Bb4+ 18. Ke2 Nb6 19. Qb3 Ba3 20. Rhd1 Ke7 21. Bxc6 Qxc6 22. Nf5+ Kf8 23. Rab1 Bc5 24. Kf1 g6 25. Nd4 exd4 26. exd4 Na4 27. dxc5 Nxc5 28. Qc4 Ne4 29. Qb4+ Kg7 30. Qxb7+ Qxb7 31. Rxb7+ Kh6 32. Rb2 Nxg3+ 33. hxg3 Ra7 34. Rdd2 Rha8 35. Ke1 Ra3 36. Kd1 g5 37. Kc1 Kg6 38. Kb1 R3a6 39. Rb3 h5 40. Kb2 Rxa2+ 41. Kc1 Rc8+ 42. Kd1 Ra1+ 43. Ke2 Rcc1 44. Rbd3 Re1+ 45. Kf3 Ra5 46. g4 hxg4+ 47. Kxg4 Ra4+ 48. Rd4 Re4+ 49. Rxe4 Rxe4+ 50. Kf3 Re6 51. Kg3 Re5 52. Kf3 Rf5+ 53. Kg3 Rf4 54. Rd8 Re4 55. Ra8 Rb4 56. Rc8 Rb3+ 57. f3 Kf5 58. Rc5+ Kg6 59. Rc6 Rb2 60. Ra6 Rc2 61. Rb6 Ra2 62. Rc6 Kf5 63. Rc5+ Ke6 64. Rc6+ Ke5 65. Rc5+ Kd6 66. Rb5 Ke6 67. Rb6+ Kf7 68. Rb5 Kg6 69. Rb6 Rc2 70. Ra6 Rb2 71. Rc6 Ra2 1/2-1/2